A+ CENTRAL
LAKE COUNTY CAPTAINS @ WISCONSIN TIMBER RATTLERS
05/29/2042
 
TOP OF THE 1ST
Lake County Captains batting - Pitching for Wisconsin Timber Rattlers : LHP Arturo Cisneros
Pitching: LHP Arturo Cisneros
Batting: SHB Sid Dyer 0-0: Called Strike
0-1: Ball
1-1: Called Strike
1-2: Strikes out swinging
Batting: RHB Randy Henderson 0-0: Ball
1-0: Called Strike
1-1: Swinging Strike
1-2: Ball
2-2: Strikes out looking
Batting: RHB Esteban Romo 0-0: Called Strike
0-1: Ball
1-1: Ball
2-1: Foul Ball, location: 23FF
2-2: Strikes out looking
Top of the 1st over - 0 runs, 0 hits, 0 errors, 0 left on base; Lake County 0 - Wisconsin 0
BOTTOM OF THE 1ST
Wisconsin Timber Rattlers batting - Pitching for Lake County Captains : RHP Torsten Meser
Pitching: RHP Torsten Meser
Batting: RHB Jeff Huff 0-0: Called Strike
0-1: Ball
1-1: Ball
2-1: Foul Ball, location: 3DF
2-2: Fly out, F7 (Flyball, 7LM, EV 100.0 MPH)
Batting: RHB Héctor Takahashi 0-0: Called Strike
0-1: Called Strike
0-2: Foul Ball, location: 9LDF
0-2: Strikes out looking
Batting: LHB José García 0-0: Foul Ball, location: 3F
0-1: Ball
1-1: Ball
2-1: Swinging Strike
2-2: Foul Ball, location: 2F
2-2: Ground out 4-3 (Groundball, 4, EV 89.4 MPH)
Bottom of the 1st over - 0 runs, 0 hits, 0 errors, 0 left on base; Lake County 0 - Wisconsin 0
TOP OF THE 2ND
Lake County Captains batting - Pitching for Wisconsin Timber Rattlers : LHP Arturo Cisneros
Batting: LHB Ron Cotton 0-0: Ball
1-0: Ball
2-0: Called Strike
2-1: Foul Ball, location: 7LSF
2-2: Ball
3-2: Strikes out looking
Batting: LHB Joe Bryant 0-0: Ball
1-0: Swinging Strike
1-1: Ball
2-1: Foul Ball, location: 25F
2-2: Strikes out swinging
Batting: SHB Jerry Garcia 0-0: Called Strike
0-1: Ball
1-1: Called Strike
1-2: Fly out, F3 (Popup, 3, EV 70.6 MPH)
Top of the 2nd over - 0 runs, 0 hits, 0 errors, 0 left on base; Lake County 0 - Wisconsin 0
BOTTOM OF THE 2ND
Wisconsin Timber Rattlers batting - Pitching for Lake County Captains : RHP Torsten Meser
Batting: RHB Dave Smith 0-0: Ball
1-0: Called Strike
1-1: Foul Ball, location: 25F
1-2: Strikes out swinging
Batting: RHB Alfredo Villa 0-0: Ball
1-0: Ball
2-0: Ball
3-0: Base on Balls
Batting: SHB Ezra Williams 0-0: Called Strike
0-1: Foul Ball, location: 5FF
0-2: DOUBLE (Line Drive, 7LD, EV 109.4 MPH)
Alfredo Villa to third
Runner from 3rd tries for Home, SAFE, no throw by LF
Batting: RHB António Quintero 0-0: Called Strike
0-1: Foul Ball, location: 23F
0-2: Foul Ball, location: 9LSF
0-2: Ball
1-2: Strikes out swinging
Batting: RHB Kurt Marshall 0-0: Ball
1-0: Foul Ball, location: 5DF
1-1: Ground out 5-3 (Groundball, 56S, EV 95.0 MPH)
Bottom of the 2nd over - 1 run, 1 hit, 0 errors, 1 left on base; Lake County 0 - Wisconsin 1
TOP OF THE 3RD
Lake County Captains batting - Pitching for Wisconsin Timber Rattlers : LHP Arturo Cisneros
Batting: LHB Jorge López 0-0: SINGLE (Groundball, 4MD, EV 96.3 MPH)
Batting: SHB Ed van Ness 0-0: Swinging Strike
0-1: Called Strike
0-2: Strikes out swinging
Batting: SHB Chris Griffin 0-0: Ball
1-0: Ball
2-0: Swinging Strike
2-1: Swinging Strike
2-2: Foul Ball, location: 3F
2-2: Ball
3-2: Strikes out swinging
Batting: SHB Sid Dyer 0-0: Ball
1-0: Foul Ball, location: 2F
1-1: Ball
2-1: Swinging Strike
2-2: Foul Ball, location: 7LSF
2-2: Ball
3-2: Foul Ball, location: 5DF
3-2: Foul Ball, location: 2F
3-2: Strikes out looking
Top of the 3rd over - 0 runs, 1 hit, 0 errors, 1 left on base; Lake County 0 - Wisconsin 1
BOTTOM OF THE 3RD
Wisconsin Timber Rattlers batting - Pitching for Lake County Captains : RHP Torsten Meser
Batting: RHB Jeremy Taylor 0-0: Ball
1-0: Ball
2-0: Called Strike
2-1: Foul Ball, location: 2F
2-2: Hit by Pitch
Batting: RHB Jeff Huff 0-0: Grounds into double play, 3-6-3 (Groundball, 23, EV 93.8 MPH)
Batting: RHB Héctor Takahashi 0-0: Fly out, F8 (Flyball, 8LD, EV 102.5 MPH)
Bottom of the 3rd over - 0 runs, 0 hits, 0 errors, 0 left on base; Lake County 0 - Wisconsin 1
TOP OF THE 4TH
Lake County Captains batting - Pitching for Wisconsin Timber Rattlers : LHP Arturo Cisneros
Batting: RHB Randy Henderson 0-0: Called Strike
0-1: Ball
1-1: Called Strike
1-2: Fly out, F5 (Popup, 5F, EV 62.5 MPH)
Batting: RHB Esteban Romo 0-0: TRIPLE (Line Drive, 9D, EV 96.3 MPH)
Batting: LHB Ron Cotton 0-0: Ball
1-0: Called Strike
1-1: Swinging Strike
1-2: Ball
2-2: Ball
3-2: Strikes out swinging
Batting: LHB Joe Bryant 0-0: Called Strike
0-1: Ball
1-1: Called Strike
1-2: Strikes out swinging
Top of the 4th over - 0 runs, 1 hit, 0 errors, 1 left on base; Lake County 0 - Wisconsin 1
BOTTOM OF THE 4TH
Wisconsin Timber Rattlers batting - Pitching for Lake County Captains : RHP Torsten Meser
Batting: LHB José García 0-0: Ball
1-0: SOLO HOME RUN (Flyball, 9D, EV 93.1 MPH), Distance : 356 ft
Batting: RHB Dave Smith 0-0: Fly out, F6 (Popup, 4MS, EV 80.6 MPH)
Batting: RHB Alfredo Villa 0-0: Ball
1-0: Ground out 3-1 (Groundball, 34, EV 91.9 MPH)
Batting: SHB Ezra Williams 0-0: Called Strike
0-1: Ball
1-1: Foul Ball, location: 25F
1-2: Ball
2-2: SOLO HOME RUN (Flyball, 7LD, EV 98.1 MPH), Distance : 351 ft
Batting: RHB António Quintero 0-0: Called Strike
0-1: Ball
1-1: Foul Ball, location: 2F
1-2: Ball
2-2: Ground out 1-3 (Groundball, 34S, EV 70.0 MPH)
Bottom of the 4th over - 2 runs, 2 hits, 0 errors, 0 left on base; Lake County 0 - Wisconsin 3
TOP OF THE 5TH
Lake County Captains batting - Pitching for Wisconsin Timber Rattlers : LHP Arturo Cisneros
Batting: SHB Jerry Garcia 0-0: Called Strike
0-1: Foul Ball, location: 5DF
0-2: Ball
1-2: Ball
2-2: Strikes out swinging
Batting: LHB Jorge López 0-0: Ground out 5-3 (Groundball, 56, EV 99.4 MPH)
Batting: SHB Ed van Ness 0-0: Ball
1-0: Swinging Strike
1-1: Foul Ball, location: 23F
1-2: Ball
2-2: Strikes out swinging
Top of the 5th over - 0 runs, 0 hits, 0 errors, 0 left on base; Lake County 0 - Wisconsin 3
BOTTOM OF THE 5TH
Wisconsin Timber Rattlers batting - Pitching for Lake County Captains : RHP Torsten Meser
Batting: RHB Kurt Marshall 0-0: Called Strike
0-1: SINGLE (Groundball, 3D, EV 96.3 MPH)
Batting: RHB Jeremy Taylor 0-0: Sac Bunt to 3S - play at first, batter OUT! 3-1
Kurt Marshall to second
Batting: RHB Jeff Huff 0-0: Ball
1-0: 2-RUN HOME RUN (Flyball, 7LD, EV 92.5 MPH), Distance : 334 ft
Pitching: RHP Arturo Salazar
Batting: RHB Héctor Takahashi 0-0: Called Strike
0-1: Ball
1-1: Foul Ball, location: 9LDF
1-2: Foul Ball, location: 2F
1-2: Ball
2-2: Ground out 6-3 (Groundball, 6, EV 100.6 MPH)
Batting: LHB José García 0-0: Swinging Strike
0-1: Foul Ball, location: 23F
0-2: Ball
1-2: Ball
2-2: Ball
3-2: Ground out 4-3 (Groundball, 4, EV 83.1 MPH)
Bottom of the 5th over - 2 runs, 2 hits, 0 errors, 0 left on base; Lake County 0 - Wisconsin 5
TOP OF THE 6TH
Lake County Captains batting - Pitching for Wisconsin Timber Rattlers : LHP Arturo Cisneros
Batting: SHB Chris Griffin 0-0: Foul Ball, location: 2F
0-1: Swinging Strike
0-2: Strikes out swinging
Batting: SHB Sid Dyer 0-0: Ball
1-0: Foul Ball, location: 2F
1-1: Ball
2-1: Foul Ball, location: 2F
2-2: Foul Ball, location: 2F
2-2: Strikes out swinging
Batting: RHB Randy Henderson 0-0: Called Strike
0-1: Called Strike
0-2: Strikes out swinging
Top of the 6th over - 0 runs, 0 hits, 0 errors, 0 left on base; Lake County 0 - Wisconsin 5
BOTTOM OF THE 6TH
Wisconsin Timber Rattlers batting - Pitching for Lake County Captains : RHP Arturo Salazar
Batting: RHB Dave Smith 0-0: Ball
1-0: Called Strike
1-1: Called Strike
1-2: Foul Ball, location: 2F
1-2: Ball
2-2: Foul Ball, location: 2F
2-2: Strikes out swinging
Batting: RHB Alfredo Villa 0-0: Ball
1-0: Called Strike
1-1: Fly out, F4 (Popup, 4D, EV 48.1 MPH)
Batting: SHB Ezra Williams 0-0: SINGLE (Line Drive, 89M, EV 110.0 MPH)
Batting: RHB António Quintero 0-0: Swinging Strike
0-1: Swinging Strike
0-2: Ground out 5-3 (Groundball, 56S, EV 75.6 MPH)
Bottom of the 6th over - 0 runs, 1 hit, 0 errors, 1 left on base; Lake County 0 - Wisconsin 5
TOP OF THE 7TH
Lake County Captains batting - Pitching for Wisconsin Timber Rattlers : LHP Arturo Cisneros
Batting: RHB Esteban Romo 0-0: Ball
1-0: Ground out 6-3 (Groundball, 6, EV 90.0 MPH)
Batting: LHB Ron Cotton 0-0: Foul Ball, location: 23FF
0-1: Ball
1-1: Swinging Strike
1-2: Ground out 3-1 (Groundball, 34S, EV 85.6 MPH)
Batting: LHB Joe Bryant 0-0: Ball
1-0: Called Strike
1-1: Ball
2-1: Foul Ball, location: 9LSF
2-2: Ball
3-2: Strikes out swinging
Top of the 7th over - 0 runs, 0 hits, 0 errors, 0 left on base; Lake County 0 - Wisconsin 5
BOTTOM OF THE 7TH
Wisconsin Timber Rattlers batting - Pitching for Lake County Captains : RHP Arturo Salazar
Batting: RHB Kurt Marshall 0-0: Called Strike
0-1: Swinging Strike
0-2: Foul Ball, location: 2F
0-2: Ball
1-2: Strikes out swinging
Batting: RHB Jeremy Taylor 0-0: Ball
1-0: Ball
2-0: Ball
3-0: Called Strike
3-1: Fly out, F8 (Flyball, 8LM, EV 92.5 MPH)
Batting: RHB Jeff Huff 0-0: Ball
1-0: Ball
2-0: Called Strike
2-1: Foul Ball, location: 7LMF
2-2: Ground out 6-3 (Groundball, 6, EV 85.6 MPH)
Bottom of the 7th over - 0 runs, 0 hits, 0 errors, 0 left on base; Lake County 0 - Wisconsin 5
TOP OF THE 8TH
Lake County Captains batting - Pitching for Wisconsin Timber Rattlers : LHP Arturo Cisneros
Batting: SHB Jerry Garcia 0-0: Foul Ball, location: 2LF
0-1: Swinging Strike
0-2: Ball
1-2: Strikes out swinging
Batting: LHB Jorge López 0-0: Called Strike
0-1: Ball
1-1: SINGLE (Groundball, 4MD, EV 106.3 MPH)
Batting: SHB Ed van Ness 0-0: Swinging Strike
0-1: Foul Ball, location: 5FF
0-2: Foul Ball, location: 9LDF
0-2: Strikes out swinging
Batting: SHB Chris Griffin 0-0: Ball
1-0: Foul Ball, location: 2F
1-1: Foul Ball, location: 2F
1-2: Ball
2-2: Strikes out swinging, 2-3 out at first.
Top of the 8th over - 0 runs, 1 hit, 0 errors, 1 left on base; Lake County 0 - Wisconsin 5
BOTTOM OF THE 8TH
Wisconsin Timber Rattlers batting - Pitching for Lake County Captains : RHP Arturo Salazar
Batting: RHB Héctor Takahashi 0-0: Foul Ball, location: 2F
0-1: Ball
1-1: Ball
2-1: Fly out, F7 (Line Drive, 78M, EV 86.3 MPH)
Batting: LHB José García 0-0: Ball
1-0: Ball
2-0: Ball
3-0: Base on Balls
Pitching: LHP Max Lewis
Batting: RHB Dave Smith 0-0: Ball
1-0: Ball
2-0: Called Strike
2-1: Ball
3-1: Base on Balls
José García to second
Batting: RHB Alfredo Villa 0-0: Ball
1-0: Fly out, F7 (Flyball, 7D, EV 106.9 MPH)
Runner from 2nd tags up, SAFE at 3rd, no throw by LF
Batting: SHB Ezra Williams 0-0: Called Strike
0-1: Foul Ball, location: 2F
0-2: Strikes out looking
Bottom of the 8th over - 0 runs, 0 hits, 0 errors, 2 left on base; Lake County 0 - Wisconsin 5
TOP OF THE 9TH
Lake County Captains batting - Pitching for Wisconsin Timber Rattlers : LHP Arturo Cisneros
Pitching: RHP Jorge Reyes
Batting: SHB Sid Dyer 0-0: Called Strike
0-1: Foul Ball, location: 7LSF
0-2: Ball
1-2: Ground out U3 (Groundball, 3, EV 107.5 MPH)
Batting: RHB Randy Henderson 0-0: Called Strike
0-1: Ball
1-1: Foul Ball, location: 2LF
1-2: Ball
2-2: Strikes out swinging
Batting: RHB Esteban Romo 0-0: Ball
1-0: Ball
2-0: Foul Ball, location: 3FF
2-1: Called Strike
2-2: Ball
3-2: Foul Ball, location: 2F
3-2: SINGLE (Line Drive, 4MD, EV 97.5 MPH)
Batting: LHB Ron Cotton 0-0: Ball
1-0: Swinging Strike
1-1: Ball
2-1: Foul Ball, location: 2F
2-2: Ground out 4-3 (Groundball, 4, EV 85.6 MPH)
Top of the 9th over - 0 runs, 1 hit, 0 errors, 1 left on base; Lake County 0 - Wisconsin 5
Friday, May 3rd , 2024 - OOTP Baseball 24.10 Build 82